TOP OF THE 1ST |
Houston Astros batting - Pitching for Tampa Bay Rays : LHP Jordan Montgomery
|
Pitching: LHP Jordan Montgomery
|
|
Batting: RHB Josh Harrison
|
0-0: Foul Ball, location: 2F 0-1: SOLO HOME RUN (Flyball, 89XD), Distance : 404 ft
|
Batting: LHB Rougned Odor
|
0-0: Fly out, F8 (Flyball, 8LM)
|
Batting: RHB Xander Bogaerts
|
0-0: Fly out, F4 (Popup, 4S)
|
Batting: RHB Trey Mancini
|
0-0: Called Strike 0-1: Ground out 6-3 (Groundball, 6)
|
Top of the 1st over - 1 run, 1 hit, 0 errors, 0 left on base; Houston 1 - Tampa Bay 0 |
BOTTOM OF THE 1ST |
Tampa Bay Rays batting - Pitching for Houston Astros : LHP Hyun-jin Ryu
|
Pitching: LHP Hyun-jin Ryu
|
|
Batting: LHB Michael Conforto
|
0-0: Ball 1-0: Ball 2-0: Called Strike 2-1: Foul Ball, location: 2F 2-2: Ball 3-2: Foul Ball, location: 2F 3-2: Base on Balls
|
Batting: RHB A.J. Pollock
|
0-0: Swinging Strike 0-1: Swinging Strike 0-2: Foul Ball, location: 2F 0-2: Ball 1-2: Ball 2-2: Strikes out swinging
|
Batting: LHB Joey Votto
|
0-0: Ball 1-0: Foul Ball, location: 2F 1-1: Ball 2-1: Ball 3-1: Called Strike 3-2: Fly out, F8 (Line Drive, 8LM)
|
Batting: RHB Gary Sanchez
|
0-0: Called Strike 0-1: Foul Ball, location: 2F 0-2: SINGLE (Line Drive, 5D) Michael Conforto to second
|
Batting: LHB Adam Eaton
|
0-0: Ball 1-0: Called Strike 1-1: Ball 2-1: Ball 3-1: Foul Ball, location: 2F 3-2: Foul Ball, location: 2F 3-2: Fly out, F9 (Line Drive, 9)
|
Bottom of the 1st over - 0 runs, 1 hit, 0 errors, 2 left on base; Houston 1 - Tampa Bay 0 |
TOP OF THE 2ND |
Houston Astros batting - Pitching for Tampa Bay Rays : LHP Jordan Montgomery
|
Batting: LHB Dominic Smith
|
0-0: Ball 1-0: Called Strike 1-1: Ball 2-1: Hit by Pitch
|
Batting: LHB Gregory Polanco
|
0-0: Called Strike 0-1: Foul Ball, location: 2F 0-2: Strikes out looking
|
Batting: RHB Welington Castillo
|
0-0: Grounds into double play, 6-4-3 (Groundball, 6)
|
Top of the 2nd over - 0 runs, 0 hits, 0 errors, 0 left on base; Houston 1 - Tampa Bay 0 |
BOTTOM OF THE 2ND |
Tampa Bay Rays batting - Pitching for Houston Astros : LHP Hyun-jin Ryu
|
Batting: RHB Adrian Beltre
|
0-0: Ball 1-0: Called Strike 1-1: Ball 2-1: Foul Ball, location: 2F 2-2: Strikes out looking
|
Batting: SHB Neil Walker
|
0-0: Called Strike 0-1: Ball 1-1: SOLO HOME RUN (Flyball, 7D), Distance : 372 ft
|
Batting: RHB Matt Duffy
|
0-0: Ball 1-0: SINGLE (Line Drive, 78S)
|
Batting: LHB Chris Davis
|
0-0: SINGLE (Flyball, 78M) Matt Duffy to second
|
Batting: LHB Michael Conforto
|
0-0: Ball 1-0: Foul Ball, location: 2F 1-1: Fly out, F6 (Popup, 4MS)
|
Batting: RHB A.J. Pollock
|
0-0: Swinging Strike 0-1: Foul Ball, location: 2F 0-2: Strikes out swinging
|
Bottom of the 2nd over - 1 run, 3 hits, 0 errors, 2 left on base; Houston 1 - Tampa Bay 1 |
TOP OF THE 3RD |
Houston Astros batting - Pitching for Tampa Bay Rays : LHP Jordan Montgomery
|
Batting: LHB Colin Moran
|
0-0: Called Strike 0-1: Ball 1-1: Ball 2-1: Ball 3-1: Base on Balls
|
Batting: LHB Jason Heyward
|
0-0: Called Strike 0-1: Swinging Strike 0-2: Foul Ball, location: 2F 0-2: SINGLE (Groundball, 4MD) Colin Moran to second
|
Batting: RHB Josh Harrison
|
0-0: Ball 1-0: Ball 2-0: Fly out, F7 (Flyball, 7)
|
Batting: LHB Rougned Odor
|
0-0: Ball 1-0: Fly out, F5 (Popup, 56S)
|
Batting: RHB Xander Bogaerts
|
0-0: Fielders Choice at 2nd, 6-4 (Groundball, 56)
|
Top of the 3rd over - 0 runs, 1 hit, 0 errors, 2 left on base; Houston 1 - Tampa Bay 1 |
BOTTOM OF THE 3RD |
Tampa Bay Rays batting - Pitching for Houston Astros : LHP Hyun-jin Ryu
|
Batting: LHB Joey Votto
|
0-0: Ball 1-0: Swinging Strike 1-1: Foul Ball, location: 2F 1-2: Ground out 5-3 (Groundball, 56)
|
Batting: RHB Gary Sanchez
|
0-0: Ball 1-0: Ball 2-0: Ground out 5-3 (Groundball, 5S)
|
Batting: LHB Adam Eaton
|
0-0: Foul Ball, location: 2F 0-1: Ball 1-1: Foul Ball, location: 2F 1-2: Ball 2-2: SINGLE (Flyball, 78S)
|
Batting: RHB Adrian Beltre
|
0-0: Ball 1-0: Called Strike 1-1: Ground out 5-3 (Groundball, 56S)
|
Bottom of the 3rd over - 0 runs, 1 hit, 0 errors, 1 left on base; Houston 1 - Tampa Bay 1 |
TOP OF THE 4TH |
Houston Astros batting - Pitching for Tampa Bay Rays : LHP Jordan Montgomery
|
Batting: RHB Trey Mancini
|
0-0: Ground out 5-3 (Groundball, 5)
|
Batting: LHB Dominic Smith
|
0-0: Called Strike 0-1: Ball 1-1: Ball 2-1: Fly out, F9 (Flyball, 89XD)
|
Batting: LHB Gregory Polanco
|
0-0: Ball 1-0: Foul Ball, location: 2F 1-1: Fly out, F5 (Popup, 25)
|
Top of the 4th over - 0 runs, 0 hits, 0 errors, 0 left on base; Houston 1 - Tampa Bay 1 |
BOTTOM OF THE 4TH |
Tampa Bay Rays batting - Pitching for Houston Astros : LHP Hyun-jin Ryu
|
Batting: SHB Neil Walker
|
0-0: Called Strike 0-1: Ball 1-1: Fly out, F6 (Flyball, 56D)
|
Batting: RHB Matt Duffy
|
0-0: Called Strike 0-1: Ground out 4-3 (Groundball, 4)
|
Batting: LHB Chris Davis
|
0-0: Ball 1-0: Foul Ball, location: 2F 1-1: Ball 2-1: SINGLE (Groundball, 34D)
|
Batting: LHB Michael Conforto
|
0-0: SINGLE (Line Drive, 8LS) Chris Davis to second
|
Batting: RHB A.J. Pollock
|
0-0: Called Strike 0-1: Ball 1-1: Fielders Choice at 2nd, 6-4 (Groundball, 56)
|
Bottom of the 4th over - 0 runs, 2 hits, 0 errors, 2 left on base; Houston 1 - Tampa Bay 1 |
TOP OF THE 5TH |
Houston Astros batting - Pitching for Tampa Bay Rays : LHP Jordan Montgomery
|
Batting: RHB Welington Castillo
|
0-0: Ball 1-0: SINGLE (Flyball, 7S)
|
Batting: LHB Colin Moran
|
0-0: Ball 1-0: Foul Ball, location: 2F 1-1: Foul Ball, location: 2F 1-2: Foul Ball, location: 2F 1-2: Ball 2-2: Fly out, F9 (Flyball, 9)
|
Batting: LHB Jason Heyward
|
0-0: Ball 1-0: Swinging Strike 1-1: Ball 2-1: Foul Ball, location: 2F 2-2: Foul Ball, location: 2F 2-2: DOUBLE (Line Drive, 9LM) Welington Castillo to third
|
Batting: RHB Josh Harrison
|
0-0: Ball 1-0: Foul Ball, location: 2F 1-1: Ball 2-1: Ground out 5-3 (Groundball, 56) Welington Castillo scores
|
Batting: LHB Rougned Odor
|
0-0: DOUBLE (Flyball, 89XD) Jason Heyward scores
|
Batting: RHB Xander Bogaerts
|
0-0: Foul Ball, location: 2F 0-1: Fly out, F8 (Flyball, 8LM)
|
Top of the 5th over - 2 runs, 3 hits, 0 errors, 1 left on base; Houston 3 - Tampa Bay 1 |
BOTTOM OF THE 5TH |
Tampa Bay Rays batting - Pitching for Houston Astros : LHP Hyun-jin Ryu
|
Batting: LHB Joey Votto
|
0-0: Ball 1-0: Fly out, F9 (Flyball, 9D)
|
Batting: RHB Gary Sanchez
|
0-0: Ball 1-0: Swinging Strike 1-1: Fly out, F9 (Flyball, 8RM)
|
Batting: LHB Adam Eaton
|
0-0: Called Strike 0-1: Ball 1-1: SINGLE (Line Drive, 8LS)
|
Batting: RHB Adrian Beltre
|
0-0: Called Strike 0-1: Called Strike 0-2: Strikes out swinging
|
Bottom of the 5th over - 0 runs, 1 hit, 0 errors, 1 left on base; Houston 3 - Tampa Bay 1 |
TOP OF THE 6TH |
Houston Astros batting - Pitching for Tampa Bay Rays : LHP Jordan Montgomery
|
Batting: RHB Trey Mancini
|
0-0: Called Strike 0-1: Called Strike 0-2: Strikes out swinging
|
Batting: LHB Dominic Smith
|
0-0: Ball 1-0: Ball 2-0: Ball 3-0: Base on Balls
|
Batting: LHB Gregory Polanco
|
0-0: SINGLE (Groundball, 34D) Dominic Smith to second Runner from 2nd tries for 3rd, SAFE, throw by RF made to third
|
Batting: RHB Welington Castillo
|
0-0: Ball Wild Pitch! Dominic Smith scores Gregory Polanco to second 1-0: Foul Ball, location: 2F 1-1: Foul Ball, location: 2F 1-2: Foul Ball, location: 2F 1-2: Ball 2-2: Strikes out looking
|
Pitching: LHP Chasen Shreve
|
|
Batting: LHB Colin Moran
|
0-0: Swinging Strike 0-1: Swinging Strike 0-2: Ball 1-2: Ball 2-2: Ball 3-2: Strikes out looking
|
Top of the 6th over - 1 run, 1 hit, 0 errors, 1 left on base; Houston 4 - Tampa Bay 1 |
BOTTOM OF THE 6TH |
Tampa Bay Rays batting - Pitching for Houston Astros : LHP Hyun-jin Ryu
|
Pitching: RHP Dovydas Neverauskas
|
|
Batting: SHB Neil Walker
|
0-0: Ball 1-0: Called Strike 1-1: Foul Ball, location: 2F 1-2: SINGLE (Groundball, 34D)
|
Batting: RHB Matt Duffy
|
0-0: Called Strike 0-1: Ball 1-1: Fly out, F7 (Flyball, 7LD)
|
Pitching: RHP Jose Urena
|
|
Batting: LHB Chris Davis
|
0-0: Called Strike 0-1: Ball 1-1: Ball 2-1: Ball 3-1: Foul Ball, location: 2F 3-2: Foul Ball, location: 2F 3-2: Base on Balls Neil Walker to second
|
Batting: LHB Michael Conforto
|
0-0: Ball 1-0: Called Strike 1-1: Swinging Strike 1-2: Ball 2-2: Ball 3-2: Fly out, F8 (Line Drive, 8RD)
|
Batting: RHB A.J. Pollock
|
0-0: Swinging Strike 0-1: Swinging Strike 0-2: Ball 1-2: Strikes out swinging
|
Bottom of the 6th over - 0 runs, 1 hit, 0 errors, 2 left on base; Houston 4 - Tampa Bay 1 |
TOP OF THE 7TH |
Houston Astros batting - Pitching for Tampa Bay Rays : LHP Chasen Shreve
|
Pitching: RHP Erasmo Ramirez
|
|
Batting: LHB Jason Heyward
|
0-0: Ball 1-0: Ball 2-0: Foul Ball, location: 2F 2-1: Swinging Strike 2-2: Foul Ball, location: 2F 2-2: Foul Ball, location: 2F 2-2: Foul Ball, location: 2F 2-2: Ground out U3 (Groundball, 34)
|
Batting: RHB Josh Harrison
|
0-0: Called Strike 0-1: Swinging Strike 0-2: Ball 1-2: Ball 2-2: Strikes out swinging
|
Batting: LHB Rougned Odor
|
0-0: Ground out U3 (Groundball, 34)
|
Top of the 7th over - 0 runs, 0 hits, 0 errors, 0 left on base; Houston 4 - Tampa Bay 1 |
BOTTOM OF THE 7TH |
Tampa Bay Rays batting - Pitching for Houston Astros : RHP Jose Urena
|
Pitching: RHP Tony Zych
|
|
Batting: LHB Joey Votto
|
0-0: Swinging Strike 0-1: Ball 1-1: Ball 2-1: Ground out 5-3 (Groundball, 56)
|
Batting: RHB Gary Sanchez
|
0-0: SOLO HOME RUN (Flyball, 8LXD), Distance : 438 ft
|
Batting: LHB Adam Eaton
|
0-0: Ball 1-0: Called Strike 1-1: Called Strike 1-2: Ball 2-2: Strikes out looking
|
Batting: RHB Adrian Beltre
|
0-0: Ball 1-0: Called Strike 1-1: Ball 2-1: Foul Ball, location: 2F 2-2: Foul Ball, location: 2F 2-2: Hit by Pitch
|
Batting: SHB Neil Walker
|
0-0: Called Strike 0-1: Foul Ball, location: 2F 0-2: Ball 1-2: SINGLE (Line Drive, 6MD) Adrian Beltre to second Runner from 2nd tries for 3rd, SAFE, throw by CF made to third
|
Batting: RHB Matt Duffy
|
0-0: Foul Ball, location: 2F 0-1: Foul Ball, location: 2F 0-2: Foul Ball, location: 2F 0-2: Ball 1-2: Ball 2-2: Ball Wild Pitch! Adrian Beltre scores Neil Walker to second 3-2: Fly out, F9 (Line Drive, 9)
|
Bottom of the 7th over - 2 runs, 2 hits, 0 errors, 1 left on base; Houston 4 - Tampa Bay 3 |
TOP OF THE 8TH |
Houston Astros batting - Pitching for Tampa Bay Rays : RHP Erasmo Ramirez
|
Pitching: LHP James Pazos
|
|
Batting: RHB Xander Bogaerts
|
0-0: Ball 1-0: Swinging Strike 1-1: SINGLE (Line Drive, 89S)
|
Batting: RHB Trey Mancini
|
0-0: Foul Ball, location: 2F 0-1: Swinging Strike 0-2: Ball 1-2: Ball 2-2: Ball 3-2: Base on Balls Xander Bogaerts to second
|
Batting: LHB Dominic Smith
|
0-0: Ball 1-0: Swinging Strike 1-1: Foul Ball, location: 2F 1-2: Fly out, F7 (Flyball, 7D) Runner from 2nd tags up, SAFE at 3rd, no throw by LF
|
Batting: LHB Gregory Polanco
|
0-0: Ball 1-0: Called Strike 1-1: Ball 2-1: Fly out, F8 (Flyball, 8RD) Runner from 3rd tags up, SCORES, throw by CF
|
Batting: RHB Welington Castillo
|
0-0: Ball 1-0: Foul Ball, location: 2F 1-1: Ball 2-1: Foul Ball, location: 2F 2-2: Foul Ball, location: 2F 2-2: Foul Ball, location: 2F 2-2: Foul Ball, location: 2F 2-2: Foul Ball, location: 2F 2-2: Strikes out looking
|
Top of the 8th over - 1 run, 1 hit, 0 errors, 1 left on base; Houston 5 - Tampa Bay 3 |
BOTTOM OF THE 8TH |
Tampa Bay Rays batting - Pitching for Houston Astros : RHP Tony Zych
|
Pitching: LHP Chris Rusin
|
|
Now in LF: Brock Holt
|
|
Batting: LHB Chris Davis
|
0-0: Ball 1-0: Fly out, F8 (Flyball, 8LM)
|
Batting: LHB Michael Conforto
|
0-0: Fly out, F9 (Flyball, 9)
|
Batting: RHB A.J. Pollock
|
0-0: Ball 1-0: Called Strike 1-1: Called Strike 1-2: Fly out, F8 (Flyball, 8RS)
|
Bottom of the 8th over - 0 runs, 0 hits, 0 errors, 0 left on base; Houston 5 - Tampa Bay 3 |
TOP OF THE 9TH |
Houston Astros batting - Pitching for Tampa Bay Rays : LHP James Pazos
|
Pitching: RHP Keone Kela
|
|
Batting: LHB Colin Moran
|
0-0: Ball 1-0: Foul Ball, location: 2F 1-1: Foul Ball, location: 2F 1-2: Fly out, F8 (Flyball, 8RM)
|
Batting: LHB Jason Heyward
|
0-0: Ball 1-0: Ball 2-0: Called Strike 2-1: Swinging Strike 2-2: Strikes out looking
|
Pitching: RHP Brad Brach
|
|
Batting: RHB Josh Harrison
|
0-0: Foul Ball, location: 2F 0-1: Ball 1-1: Foul Ball, location: 2F 1-2: Strikes out looking
|
Top of the 9th over - 0 runs, 0 hits, 0 errors, 0 left on base; Houston 5 - Tampa Bay 3 |
BOTTOM OF THE 9TH |
Tampa Bay Rays batting - Pitching for Houston Astros : LHP Chris Rusin
|
Pitching: LHP A.J. Minter
|
|
Batting: LHB Joey Votto
|
0-0: Foul Ball, location: 2F 0-1: Ball 1-1: Foul Ball, location: 2F 1-2: Ball 2-2: Foul Ball, location: 2F 2-2: Ball 3-2: Foul Ball, location: 2F 3-2: Foul Ball, location: 2F 3-2: Foul Ball, location: 2F 3-2: Base on Balls
|
Batting: RHB Gary Sanchez
|
0-0: Ball 1-0: Swinging Strike 1-1: Ball 2-1: Ball 3-1: Base on Balls Joey Votto to second
|
Batting: LHB Adam Eaton
|
0-0: Foul Ball, location: 2F 0-1: SINGLE (Groundball, 6MD) Joey Votto to third Gary Sanchez to second
|
Batting: RHB Adrian Beltre
|
0-0: Foul Ball, location: 2F 0-1: Ball 1-1: Swinging Strike 1-2: SINGLE (Line Drive, 56D) Joey Votto scores Gary Sanchez to third Adam Eaton to second Runner from 3rd tries for Home, throw by LF and OUT! 7-2
|
Batting: SHB Neil Walker
|
0-0: Foul Ball, location: 2F 0-1: Ball 1-1: Called Strike 1-2: Strikes out looking
|
Batting: RHB Matt Duffy
|
0-0: Called Strike 0-1: Ball 1-1: Called Strike 1-2: Fly out, F4 (Popup, 4)
|
Bottom of the 9th over - 1 run, 2 hits, 0 errors, 2 left on base; Houston 5 - Tampa Bay 4 |
|